 Dungeon Crawl Stone Soup version 0.31-a0-233-g139696dc86 (webtiles) character file.

Game seed: 10078129106927916504

3 drugrobin the Sneak (level 1, 0/18 HPs)
             Began as a Demigod Delver on July 9, 2023.
             Slain by an adder (4 damage)
             ... on level 2 of the Dungeon.
             The game lasted 00:01:33 (229 turns).

drugrobin the Sneak (Demigod Delver)                 Turns: 229, Time: 00:01:33

Health: 0/18       AC:  3    Str: 15    XL:     1   Next: 33%
Magic:  3/3        EV: 12    Int: 14    God:
Gold:   0          SH:  0    Dex: 15    Spells: 0/0 levels left

rFire   . . .        i - +10 hammer "Humaf" {venom, rN+ Str+2 Int+2}
rCold   . . .        (no shield)
rNeg    + . .        h - +0 leather armour
rPois   .            (no helmet)
rElec   .            (no cloak)
rCorr   .            (no gloves)
SInv    .            (no boots)
Will    .....        (no amulet)
Stlth   +++          (no ring)
HPRegen 0.23/turn    (no ring)
MPRegen 0.08/turn

%: no passive effects
@: lethally poisoned (0 -> -3)
A: high MP 1, forlorn, divine attributes
a: no special abilities


You were on level 2 of the Dungeon.
You visited 1 branch of the dungeon, and saw 4 of its levels.

Inventory:

Hand Weapons
 a - a +0 spear
 b - a +0 sling
 i - the +10 hammer "Humaf" (weapon) {venom, rN+ Str+2 Int+2}
   (You found it on level 2 of the Dungeon)

   Str:       It affects your strength (+2).
   Int:       It affects your intelligence (+2).
   rN:        It protects you from negative energy.
Armour
 h - a +0 leather armour (worn)
Wands
 g - a wand of digging (3)
Scrolls
 c - a scroll of fog
 d - a scroll of revelation
 e - a scroll of fear
Potions
 f - a potion of haste


   Skills:
 + Level 2.8 Fighting
 - Level 2.0 Polearms
 - Level 1.7 Dodging
 - Level 4.5 Stealth


You couldn't memorise any spells.
You didn't know any spells.
Your spell library contained the following spells:

 Spells                   Type           Power      Damage    Failure   Level
 Scorch                   Fire           0%         2d5       47%         2
 Flame Wave               Conj/Fire      0%         2d4       98%         4
 Summon Cactus Giant      Summ           0%         N/A       100%        6


Dungeon Overview and Level Annotations

Branches:
Dungeon (5/15)
 Temple: D:4-7


Innate Abilities, Weirdness & Mutations

You have an increased reservoir of magic. (+10% MP)
You shall have no god before yourself.
Your divine heritage dramatically boosts your attributes as you level up.


Message History

The giant cockroach is in the way.
You hit the giant cockroach.
The giant cockroach is severely wounded.
The giant cockroach barely misses you.
Unknown command.
Unknown command.
Reach: a) +0 spear
Press: ? - help, Dir - move target, f/p - adder
Aim: an adder (about 54% to evade your +0 spear)
The giant cockroach is in the way.
You hit the giant cockroach.
You kill the giant cockroach!
Unknown command.
Unknown command.
Unknown command.
Okay, then.
Okay, then.
Unknown command.
Found a brightly glowing hammer.
The adder misses you. The adder attacks as you move away!
The adder barely misses you. The adder barely misses you.
You see here the +10 hammer "Humaf" {venom, rN+ Str+2 Int+2}.
i - the +10 hammer "Humaf" {venom, rN+ Str+2 Int+2} The adder bites you.
You are poisoned.
The adder poisons you! The adder attacks as you move away!
The adder bites you but does no damage.
You feel sick.
Unknown command.
You feel stronger.
You feel clever.
The +10 hammer "Humaf" {venom, rN+ Str+2 Int+2} begins to drip with poison!
i - the +10 hammer "Humaf" (weapon)
{venom, rN+ Str+2 Int+2} The adder misses you.
Unknown command.
Unknown command.
You sock the adder!
The adder is severely wounded.
You feel sick.
The endoplasm hits the fungus.
The fungus begins to die.
The adder bites you.
* * * LOW HITPOINT WARNING * * *
The endoplasm hits the fungus.
The adder bites you.
You die...

#####
##...####
#......†####
#).).###...##
#...J#
#....##
♣P.PS♣
#.....#
♣♣P.@♣
#J....# ♣♣.♣♣
#.....# ♣♣
#....##
#....##
#.....#
#.....#
#.....#
#....##
#...##


You could see an adder and an endoplasm.

Vanquished Creatures
  A giant cockroach (D:2)
  A kobold (D:4)
  A rat (D:3)
3 creatures vanquished.

Notes
Turn   | Place    | Note
-------+----------+-------------------------------------------
     0 | D:5      | drugrobin the Demigod Delver began the quest for the Orb.
     0 | D:5      | Reached XP level 1. HP: 18/18 MP: 3/3
   225 | D:2      | Identified the +10 hammer "Humaf" {venom, rN+ Str+2 Int+2}
   229 | D:2      | Slain by an adder

Illustrated notes

Levels and vault maps discovered:
D:2:      layout_rooms, basic_ecumenical_altar, uniq_crazy_yiuf_cottage
D:3:      layout_basic, uniq_terence
D:4:      layout_layer_cave, nicolae_uskayaw_en_pointe
D:5:      layout_basic, mainiacjoe_overflow_24_doors, zin_angel,
          gammafunk_ghost_icy, uniq_grinder

Skill      XL: |  1 |
---------------+----+-----
Polearms       | 2 |  2.0
Fighting       | |  2.8
Dodging        | |  1.7
Stealth        | |  4.5

Action                     || total
---------------------------++-------
  Melee: Spear             ||    26
         Mace              ||     1
   Fire: Sling             ||     8
 Armour: Leather armour    ||     8
  Dodge: Dodged            ||    37

Table legend: (Time is in decaauts)
 A = Elapsed time spent in this place.
 B = Non-inter-level travel time spent in this place.
 C = Inter-level travel time spent in this place.
 D = Time resting spent in this place.
 E = Time spent auto-exploring this place.
 F = Levels seen in this place.
 G = Mean time per level.
                   A        B        C        D        E       F      G
               +--------+--------+--------+--------+--------+-----+--------+
         Total |    229 |    204 |     25 |     42 |     11 |   4 |   57.2 |
       Dungeon |    229 |    204 |     25 |     42 |     11 |   4 |   57.2 |
               +--------+--------+--------+--------+--------+-----+--------+

Top non-repeatable levels by time:
     D:4: 152 daAuts
     D:2: 47 daAuts
     D:5: 23 daAuts
     D:3: 6 daAuts
